 Dungeon Crawl Stone Soup version 0.30-a0-802-gb92711bcdf (webtiles) character file.

Game seed: 12680730862145691022

26 cheesebisquit the Grave Robber (level 3, 0/26 HPs)
             Began as a Ghoul Necromancer on Feb 24, 2023.
             Slain by a ball python (2 damage)
             ... on level 1 of the Dungeon.
             The game lasted 00:04:10 (493 turns).

cheesebisquit the Grave Robber (Ghoul Necromancer)   Turns: 493, Time: 00:04:10

Health: 0/26       AC:  2    Str: 11    XL:     3   Next: 8%
Magic:  4/5        EV:  9    Int: 12    God:
Gold:   33         SH:  0    Dex:  9    Spells: 5/6 levels left

rFire   . . .      SeeInvis .    h - +0 sling
rCold   + . .      Faith    .    (no shield)
rNeg    + + +      Spirit   .    a - +0 robe
rPois   ∞          Reflect  .    (no helmet)
rElec   .          Harm     .    (no cloak)
rCorr   .          Rampage  .    (no gloves)
Will    .....                    (no boots)
Stlth   ++                       (no amulet)
HPRegen 0.00/turn                (no ring)
MPRegen 0.09/turn                (no ring)

@: inhibited regen, constricted
A: claws 1, cold resistance 1, negative energy resistance 3, inhibited
regeneration, torment resistance 2, devour on kill
a: no special abilities


You were on level 1 of the Dungeon.
You visited 1 branch of the dungeon, and saw 1 of its levels.

You collected 33 gold pieces.

Inventory:

Hand Weapons
 g - a +0 mace
 h - a +0 sling (weapon)
 i - a +0 club
Armour
 a - a +0 robe (worn)
Scrolls
 d - a scroll of enchant armour {unknown}
 f - a scroll of torment {unknown}
Potions
 c - a potion of brilliance {unknown}
 e - 2 potions of curing {unknown}


   Skills:
 - Level 1.7 Dodging
 - Level 2.1 Stealth
 + Level 2.4 Spellcasting
 + Level 4.5 Necromancy


You had 5 spell levels left.
You knew the following spells:

 Your Spells              Type           Power      Damage    Failure   Level
a - Necrotise             Necr           48%        1d6       4%          1

Your spell library contained the following spells:

 Spells                   Type           Power      Damage    Failure   Level
 Vampiric Draining        Necr           12%        2d6       12%         3
 Animate Dead             Necr           12%        N/A       38%         4
 Agony                    Necr           12%        N/A       75%         5


Dungeon Overview and Level Annotations

Branches:
Dungeon (1/15)

Altars:


Innate Abilities, Weirdness & Mutations

You are immune to poison.
You have sharp fingernails.
Your flesh is cold resistant. (rC+)
You are immune to negative energy. (rN+++)
You do not regenerate when monsters are visible.
You are immune to unholy pain and torment.
You thrive by killing the living.


Message History

The quokka completely misses your kobold skeleton.
Your kobold skeleton hits the quokka but does no damage.
The quokka bites your kobold skeleton.
The ball python bites your kobold skeleton.
The ball python grabs your kobold skeleton.
The ball python constricts your kobold skeleton.
The ball python bites your kobold skeleton.
Your kobold skeleton is destroyed!
The quokka attacks as you move away! The quokka closely misses you.
You are too injured to fight recklessly!
Aiming: Necrotise (safe; 4% risk of failure)
Press: ? - help, Q - select action, (/) - cycle Shift-Dir - straight line, f/p - quokka
Aim: a quokka (chance to affect: 81%)
The quokka writhes in agony.
The quokka closely misses you. The quokka attacks as you move away!
The quokka closely misses you.
The ball python attacks as you move away!
The ball python closely misses you. The ball python barely misses you.
The ball python closely misses you. The ball python grabs you.
The ball python constricts you. The quokka bites you.
* * * LOW HITPOINT WARNING * * *
Magic courses through your body. The quokka bites you.
* * * LOW HITPOINT WARNING * * *
The ball python barely misses you. The ball python constricts you.
* * * LOW HITPOINT WARNING * * *
Aiming: Necrotise (safe; 4% risk of failure)
Press: ? - help, Q - select action, (/) - cycle Shift-Dir - straight line, f/p - quokka
Aim: a quokka (moderately wounded, chance to affect: 81%)
The quokka writhes in agony.
You kill the quokka!
You feel better.
The dead are hopping!
The ball python closely misses you. The ball python constricts you.
* * * LOW HITPOINT WARNING * * *
Aiming: Necrotise (safe; 4% risk of failure)
Press: ? - help, Q - select action, (/) - cycle Shift-Dir - straight line, f - ball python
Aim: a ball python (constricting you, ally target, chance to affect: 81%)
The ball python barely resists.
The ball python bites you.
You die...

# ##..... ..PP.P....# .
)....# #.#.#.#.#..#
#.##....#... ...#†)#
#.#..#.$#.#. P#.#.#..##
#!......PPP P...P....#
##)....# .#.#.#...#
#$).#..# .P.#...#
#.#....#############..#
##..........@.......#
..............S.Z......#
.#######################


You could see a ball python (ally target) and a friendly quokka skeleton.

Vanquished Creatures
  2 bats (D:1)
  2 endoplasms (D:1)
  A giant cockroach (D:1)
  3 goblins (D:1)
  3 hobgoblins (D:1)
  2 jackals (D:1)
  A kobold (D:1)
  A quokka (D:1)
  A ball python (D:1)
  A frilled lizard (D:1)
  4 rats (D:1)
21 creatures vanquished.

Vanquished Creatures (collateral kills)
  A goblin (D:1)
  A frilled lizard (D:1)
2 creatures vanquished.

Vanquished Creatures (others)
  2 fungi (D:1)
2 creatures vanquished.

Grand Total: 25 creatures vanquished

Notes
Turn   | Place    | Note
-------+----------+-------------------------------------------
     0 | D:1      | cheesebisquit the Ghoul Necromancer began the quest for the
                  | Orb.
     0 | D:1      | Reached XP level 1. HP: 14/14 MP: 2/2
    84 | D:1      | Reached XP level 2. HP: 17/20 MP: 0/4
   476 | D:1      | Reached XP level 3. HP: 23/26 MP: 1/5
   493 | D:1      | Slain by a ball python

Illustrated notes

Levels and vault maps discovered:
D:1:      dpeg_arrival_central, layout_loops_ring,
          shapermc_ecumenical_altar_mp_urbaneastern, minmay_misc_feat_chi,
          grunt_decor_mini_mirrors, minmay_tall_x

Skill      XL: |  1 |
---------------+----+-----
Spellcasting   | 2 |  2.4
Dodging        | |  1.7
Stealth        | |  2.1
Necromancy     | |  4.5

Action                     || total
---------------------------++-------
  Melee: Unarmed           ||    26
   Fire: Sling             ||    12
   Cast: Necrotise         ||    30
    Use: Potion            ||     1
   Stab: Sleeping          ||     1
 Armour: Robe              ||    10
  Dodge: Dodged            ||    32

Table legend: (Time is in decaauts)
 A = Elapsed time spent in this place.
 B = Non-inter-level travel time spent in this place.
 C = Inter-level travel time spent in this place.
 D = Time resting spent in this place.
 E = Time spent auto-exploring this place.
 F = Levels seen in this place.
 G = Mean time per level.
                   A        B        C        D        E       F      G
               +--------+--------+--------+--------+--------+-----+--------+
         Total |    497 |    497 |      0 |      0 |    360 |   1 |  497.0 |
       Dungeon |    497 |    497 |      0 |      0 |    360 |   1 |  497.0 |
               +--------+--------+--------+--------+--------+-----+--------+

Top non-repeatable levels by time:
     D:1: 497 daAuts
